 Dungeon Crawl Stone Soup version 0.21.1-1-g345015f (webtiles) character file.

127 letownia2 the Conjurer (level 5, -5/28 HPs)
             Began as a Tengu Wizard on Mar 5, 2018.
             Killed by divine providence
             ... invoked by an orc priest
              (12 damage)
             ... on level 4 of the Dungeon.
             The game lasted 00:07:15 (1268 turns).

letownia2 the Conjurer (Tengu Wizard)               Turns: 1268, Time: 00:07:16

Health: -5/28      AC:  2    Str:  8    XL:     5   Next: 11%
Magic:  5/10       EV: 12    Int: 21    God:
Gold:   132        SH:  0    Dex: 12    Spells: 1/10 levels left

rFire    . . .     SeeInvis .   o - +1 dagger (venom)
rCold    . . .     Gourm    .   (no shield)
rNeg     + . .     Faith    .   a - +0 robe
rPois    .         Spirit   .   b - +0 hat
rElec    .         Reflect  .   (no cloak)
rCorr    .         Harm     .   (no gloves)
MR       .....                  (boots unavailable)
Stlth    ++........             (no amulet)
HPRegen  0.09/turn              t - ring of positive energy
MPRegen  0.12/turn              x - +2 ring of intelligence

@: drained
A: beak, talons 3, able to fly 1
a: Fly


You were on level 4 of the Dungeon.
You were hungry.

You visited 1 branch of the dungeon, and saw 4 of its levels.

You collected 132 gold pieces.

Inventory:

Hand Weapons
 k - a +0 short sword
 o - a +1 dagger of venom (weapon)
 r - a +0 spear
 w - a +2 long sword of holy wrath
 C - a +3 trident of piercing
Missiles
 y - 2 tomahawks (quivered)
Armour
 a - a +0 robe (worn)
 b - a +0 hat (worn)
 j - a +0 ring mail
 m - a +0 leather armour
 A - a +0 leather armour
Jewellery
 p - an uncursed amulet of harm
 t - a ring of positive energy (left hand)
 x - a +2 ring of intelligence (right hand)
Wands
 n - a wand of polymorph (13)
Scrolls
 f - a scroll of blinking {unknown}
 g - a scroll of amnesia {unknown}
 h - a scroll of noise {unknown}
 l - 3 scrolls of teleportation {unknown}
 q - a scroll of immolation {unknown}
 s - a scroll of identify {unknown}
 v - a scroll of magic mapping {unknown}
Potions
 e - a potion of haste {unknown}
 i - 2 potions of heal wounds {unknown}
 u - a potion of resistance {unknown}
 z - a potion of lignification {unknown}
Books
 c - a book of Minor Magic

   Spells                             Type                      Level
   a - Magic Dart                     Conjuration                  1
   b - Blink                          Translocation                2
   c - Call Imp                       Summoning                    2
   d - Slow                           Hexes                        2
   e - Conjure Flame                  Conjuration/Fire             3
   f - Mephitic Cloud                 Conjuration/Poison/Air       3
Comestibles
 d - 5 rations
 B - a chunk of flesh


   Skills:
 + Level 0.0 Fighting
 - Level 2.1(1.3) Dodging
 - Level 2.0(1.1) Stealth
 - Level 3.0(2.1) Spellcasting
 + Level 5.3(4.4) Conjurations
 - Level 1.2(0.4) Summonings
   Level 0.7(0.0) Translocations
 + Level 0.0 Fire Magic
 - Level 3.0(2.2) Air Magic


You had one spell level left.
You knew the following spells:

 Your Spells              Type           Power        Failure   Level  Hunger
a - Magic Dart            Conj           ###.         2%          1    #......
c - Conjure Flame         Conj/Fire      ##......     17%         3    ###....
e - Mephitic Cloud        Conj/Pois/Air  ##......     17%         3    ###....
i - Call Imp              Summ           #.......     19%         2    ##.....


Dungeon Overview and Level Annotations

Branches:
Dungeon (4/15)
 Temple: D:4-7

Altars:
Uskayaw


Innate Abilities, Weirdness & Mutations

You have a beak for a mouth.
You have claws for feet.
You can fly.


Message History

The ball explodes into a vile cloud!
The stinking cloud engulfs the worker ant.
You are feeling hungry.
You hear a shout!
The worker ant is engulfed in noxious fumes.
The worker ant appears confused.
Your magical contamination has completely faded away.
An orc comes into view. It is wielding a trident.
A howler monkey skeleton comes into view.
You barely miss the worker ant. You claw the worker ant.
The worker ant is lightly wounded.
An orc comes into view. It is wielding a dagger.
An orc priest comes into view. It is wielding a dagger.
The orc hits you with a trident.
There is a stone staircase leading up here.
The howler monkey skeleton misses you. The orc hits you with a trident!
* * * LOW HITPOINT WARNING * * *
The orc priest mumbles some strange prayers to Beogh against you.
Beogh smites you!
You die...

#. ###.# #. ..
..#.#... . #.
#.#.#.o.
..####.###.....
...!... ...o.#
#.#...##.o..#
#.....(@...#####
#..a..Z........<
#.(........#####
#.#...##...##
##.# ##.## ...
..# .... #.#
###. #.# #. ..#


You could see a worker ant (confused), an orc priest, 2 orcs and a howler monkey
skeleton.

Vanquished Creatures
  2 orc wizards (D:3)
  2 adders (D:2)
  An ooze (D:1)
  2 worms (D:3)
  7 orcs
  A ball python (D:2)
  6 goblins
  3 hobgoblins (D:1)
  2 quokkas (D:2)
  2 bats (D:1)
  A frilled lizard (D:3)
  4 kobolds
  3 rats
  A toadstool (D:1)
37 creatures vanquished.

Vanquished Creatures (collateral kills)
  A worm (D:2)
  A dart slug (D:2)
2 creatures vanquished.

Vanquished Creatures (others)
  3 toadstools (D:1)
3 creatures vanquished.

Grand Total: 42 creatures vanquished

Notes
Turn   | Place    | Note
-------+----------+-------------------------------------------
     0 | D:1      | letownia2 the Tengu Wizard began the quest for the Orb.
     0 | D:1      | Reached XP level 1. HP: 10/10 MP: 5/5
    84 | D:1      | Reached skill level 2 in Conjurations
   157 | D:1      | Reached XP level 2. HP: 15/15 MP: 0/7
   174 | D:1      | Learned a level 2 spell: Call Imp
   177 | D:1      | Reached skill level 3 in Conjurations
   435 | D:2      | Reached skill level 4 in Conjurations
   435 | D:2      | Reached XP level 3. HP: 19/19 MP: 1/8
   440 | D:2      | Learned a level 3 spell: Mephitic Cloud
   657 | D:3      | Found a hide-covered altar of Uskayaw.
   696 | D:3      | Reached skill level 1 in Air Magic
  1001 | D:3      | Reached XP level 4. HP: 19/24 MP: 5/9
  1190 | D:3      | Reached skill level 5 in Conjurations
  1193 | D:3      | Gained mutation: You can fly. [Tengu growth]
  1193 | D:3      | Reached XP level 5. HP: 11/28 MP: 4/10
  1238 | D:3      | Learned a level 3 spell: Conjure Flame
  1268 | D:4      | Killed from afar by an orc priest

Skill      XL: |  1  2  3  4 |
---------------+-------------+-----
Conjurations   | 2 4 5 |  5.3
Air Magic      | 1 3 |  3.0
Dodging        | |  2.1
Stealth        | |  2.0
Spellcasting   | |  3.0
Summonings     | |  1.2
Translocations | |  0.7

Action                   |  1- 3 |  4- 6 || total
-------------------------+-------+-------++-------
Melee: Unarmed           |    15 |       ||    15
       Peck              |     3 |     5 ||     8
       Kick              |     6 |     1 ||     7
       Dagger            |    11 |    20 ||    31
Throw: Tomahawk          |       |     2 ||     2
 Cast: Magic Dart        |    55 |    18 ||    73
       Mephitic Cloud    |     3 |     4 ||     7
 Stab: Sleeping          |     3 |       ||     3
       Confused          |       |     1 ||     1
  Eat: Chunk             |     1 |     1 ||     2
Armor: Robe              |     5 |     2 ||     7
Dodge: Dodged            |    20 |     7 ||    27
